 Dungeon Crawl Stone Soup version 0.30.0-11-gf55b779eaf (webtiles) character file.

Game seed: 9400168973317752894

1734 JanusIIV the Spear-Bearer (level 8, -9/64 (66) HPs)
             Began as a Minotaur Fighter on May 17, 2023.
             Was a Follower of Hepliaklqana.
             Mangled by a wight
             ... wielding a +4 halberd of freezing
              (10 damage)
             ... on level 7 of the Dungeon.
             The game lasted 00:07:37 (5362 turns).

JanusIIV the Spear-Bearer (Minotaur Fighter)        Turns: 5362, Time: 00:07:38

HP:   -9/64 (66)    AC: 11    Str: 20 (23) XL:     8   Next: 76%
MP:   7/7           EV:  9    Int:  2 (5)  God:    Hepliaklqana [*.....]
Gold: 312           SH:  4    Dex:  8 (10) Spells: 7/7 levels left

rFire   . . .        a - +0 trident
rCold   . . .        c - +0 buckler
rNeg    . . .        b - +0 scale mail
rPois   .            (helmet restricted)
rElec   .            (no cloak)
rCorr   .            (no gloves)
SInv    .            p - +2 pair of boots
Will    .....        (no amulet) Stlth
                     (no ring)
HPRegen 0.30/turn    (no ring)
MPRegen 0.10/turn

%: no passive effects
@: lightly drained
A: reduced essence, horns 2, retaliatory headbutt
a: Renounce Religion, Recall Ancestor, Ancestor Identity


You were on level 7 of the Dungeon.
You worshipped Hepliaklqana.
Hepliaklqana was aware of your devotion.
You visited 2 branches of the dungeon, and saw 8 of its levels.

You collected 312 gold pieces.

Inventory:

Hand Weapons
 a - a +0 trident (weapon)
Missiles
 B - 3 silver javelins (quivered)
Armour
 b - a +0 scale mail (worn)
 c - a +0 buckler (worn)
 p - a +2 pair of boots (worn)
 r - a +0 pair of gloves
 s - a +0 chain mail
Scrolls
 e - a scroll of torment {unknown}
 g - a scroll of summoning {unknown}
 h - 2 scrolls of teleportation {unknown}
 j - 3 scrolls of enchant armour {unknown}
 l - 2 scrolls of enchant weapon {unknown}
 m - a scroll of poison {unknown}
 n - 3 scrolls of vulnerability {unknown}
 o - 3 scrolls of identify {unknown}
 q - a scroll of amnesia {unknown}
 u - a scroll of fear {unknown}
 w - a scroll of silence {unknown}
 y - a scroll of fog {unknown}
Potions
 d - a potion of degeneration
 f - a potion of mutation {unknown}
 i - 2 potions of brilliance {unknown}
 k - a potion of resistance {unknown}
 t - 2 potions of curing {unknown}
 v - a potion of haste {unknown}
 x - a potion of magic {unknown}
 z - a potion of lignification {unknown}
 A - a potion of attraction {unknown}


   Skills:
 - Level 8.0 Fighting
 - Level 9.0 Polearms
 + Level 7.6 Armour
 + Level 5.1 Shields


You had 7 spell levels left.
You didn't know any spells.
Your spell library contained the following spells:

 Spells                   Type           Power      Damage    Failure   Level
 Magic Dart               Conj           0%         1d3       90%         1
 Call Imp                 Summ           0%         N/A       97%         2
 Mephitic Cloud           Conj/Pois/Air  0%         N/A       99%         3
 Vhi's Electric Charge    Tloc/Air       0%         N/A       99%         3
 Arcjolt                  Conj/Air       0%         1d10      100%        5
 Plasma Beam              Fire/Air       0%         2x1d11    100%        6


Dungeon Overview and Level Annotations

Branches:
Dungeon (7/15)             Temple (1/1) D:5

Altars:
Ashenzari
Cheibriados
Dithmenos
Elyvilon
Fedhas
Gozag
Hepliaklqana
Kikubaaqudgha
Makhleb
Nemelex Xobeh
Okawaru
Qazlal
Ru
Sif Muna
Trog
Uskayaw
Vehumet
Wu Jian
Xom
Yredelemnul
Zin
The Shining One

Shops:
D:4 (


Innate Abilities, Weirdness & Mutations

Your life essence is reduced to manifest your ancestor. (-10% HP)
You have a pair of horns on your head.
You reflexively headbutt those who attack you in melee.


Message History

The wight is severely damaged.
The wight closely misses you. You block the wight's attack.
You hit the wight but do no damage.
The wight is severely damaged.
The wight hits you from afar with a +4 halberd of freezing!
The wight freezes you. You block the wight's attack.
You hit the wight.
The wight is severely damaged.
You block the wight's attack. x2
You barely miss the wight. Your headbutt misses the wight.
The wight is severely damaged.
The wight hits you with a +5 long sword.
You block the wight's attack.
You are too injured to fight recklessly!
You are too injured to fight recklessly!
You are too injured to fight recklessly!
You hit the wight but do no damage.
The wight is severely damaged.
The wight hits you with a +5 long sword.
You feel drained. You block the wight's attack.
You barely miss the wight. Your headbutt misses the wight.
The wight is severely damaged.
You barely miss the wight.
The wight is severely damaged.
You block the wight's attack. The wight barely misses you.
You closely miss the wight. Your headbutt misses the wight.
The wight is severely damaged.
The wight hits you with a +5 long sword!
You feel drained.
The wight hits you from afar with a +4 halberd of freezing!
* * * LOW HITPOINT WARNING * * *
The wight freezes you.
* * * LOW HITPOINT WARNING * * *
It was a potion of degeneration.
There was something very wrong with that liquid.
You feel weakened.
You feel dopey.
You feel clumsy.
The wight hits you with a +5 long sword.
* * * LOW HITPOINT WARNING * * *
The wight hits you from afar with a +4 halberd of freezing!
You die...

........#
#######.####
#....##
####..###
#......##
#.<..#..##
#....##..##
.......###..#
........#
##@#
........# #z#
........#


#zz ......... .... ..... .....#. .....#.. ......# .. You could see 3 wights.

Vanquished Creatures
  Eustachio (D:5)
  2 water moccasins (D:5)
  2 ice beasts
  An ogre (D:4)
  4 phantoms
  A centaur (D:6)
  2 scorpions
  A wight (D:7)
  A jelly (D:5)
  3 hounds
  4 iguanas
  A sleepcap (D:4)
  3 orc wizards (D:5)
  A gnoll (D:5)
  5 adders
  2 shadow imps (D:6)
  A white imp (D:7)
  A dart slug (D:2)
  27 orcs
  4 ball pythons
  3 bats
  7 endoplasms
  4 giant cockroaches
  2 goblins
  4 hobgoblins
  A jackal (D:5)
  A kobold (D:1)
  3 quokkas
  A frilled lizard (D:1)
  6 rats
99 creatures vanquished.

Vanquished Creatures (collateral kills)
  A jelly (D:6)
  An iguana (D:7)
  A white imp (D:7)
3 creatures vanquished.

Vanquished Creatures (others)
  An ancestor (D:7)
1 creature vanquished.

Grand Total: 103 creatures vanquished

Notes
Turn   | Place    | Note
-------+----------+-------------------------------------------
     0 | D:1      | JanusIIV the Minotaur Fighter began the quest for the Orb.
     0 | D:1      | Reached XP level 1. HP: 19/19 MP: 0/0
   255 | D:1      | Found a faded altar of an unknown god.
   318 | D:1      | Reached XP level 2. HP: 27/27 MP: 1/1
   631 | D:2      | Reached skill level 3 in Polearms
   878 | D:2      | Reached XP level 3. HP: 33/34 MP: 2/2
  1619 | D:3      | Found a stormy altar of Qazlal.
  1689 | D:3      | Identified the +9 long sword "Ygula" {heavy, Str+4}
  1975 | D:4      | Reached skill level 4 in Polearms
  1975 | D:4      | Reached XP level 4. HP: 9/41 MP: 3/3
  2127 | D:4      | Noticed an ogre
  2133 | D:4      | Killed an ogre
  2134 | D:4      | Reached skill level 5 in Fighting
  2134 | D:4      | Reached skill level 5 in Polearms
  2134 | D:4      | Reached XP level 5. HP: 48/48 MP: 4/4
  2202 | D:4      | Found Zogesovai's Antique Weapon Shoppe.
  2339 | D:4      | Reached skill level 6 in Polearms
  2599 | D:5      | Entered Level 5 of the Dungeon
  2722 | D:5      | Reached XP level 6. HP: 29/56 MP: 5/5
  2965 | D:5      | Noticed a water moccasin
  2977 | D:5      | Killed a water moccasin
  2978 | D:5      | Reached skill level 7 in Polearms
  3198 | D:5      | Reached XP level 7. HP: 56/62 MP: 6/6
  3235 | D:5      | Reached skill level 8 in Polearms
  3381 | D:5      | Reached skill level 9 in Polearms
  3582 | D:5      | Identified the +4 war axe of Reason {spect, Will+ Int+3}
  3688 | D:5      | Reached skill level 5 in Armour
  3700 | D:5      | Noticed Eustachio
  3723 | D:5      | Reached XP level 8. HP: 59/71 MP: 7/7
  3746 | D:5      | Killed Eustachio
  3896 | D:5      | Found a staircase to the Ecumenical Temple.
  4123 | Temple   | Entered the Ecumenical Temple
  4166 | Temple   | Became a worshipper of Hepliaklqana the Forgotten
  4568 | D:6      | Found a sacrificial altar of Ru.
  4640 | D:6      | Found an ancient bone altar of Kikubaaqudgha.
  4851 | D:6      | Reached * piety under Hepliaklqana
  5180 | D:6      | Reached skill level 5 in Shields
  5362 | D:7      | HP: 1/64 [wight/+5 long sword (6)]
  5362 | D:7      | Mangled by a wight

Illustrated notes

Levels and vault maps discovered:
D:1:      dpeg_arrival_tiny_f, layout_basic, shapermc_ecumenical_altar_pompeii
D:2:      layout_loops_corners
D:3:      layout_loops_ring, nicolae_qazlal_general_emergency
D:4:      layout_rooms, serial_shops, nicolae_shop_rolling_square
D:5:      layout_cave_pods, minmay_temple_entry_glassed_door,
          minmay_quadrilaterals, uniq_eustachio
D:6:      layout_basic, mainiacjoe_overflow_large_starburst
D:7:      layout_basic, grunt_decor_mini_mirrors, corexii_leaking_fountain,
          uniq_prince_ribbit1
Temple:   compressed_dpeg_triangle_lava_temple

Skill      XL: |  1  2  3  4  5  6  7  8 |
---------------+-------------------------+-----
Fighting       | 4 5 6 8 |  8.0
Polearms       | 3 4 5 6 7 9 |  9.0
Armour         | 5 7 |  7.6
Shields        | 4 5 |  5.1

Action                     |  1- 3 |  4- 6 |  7- 9 || total
---------------------------+-------+-------+-------++-------
  Melee: Trident           |   101 |   117 |   191 ||   409
         Headbutt          |    13 |    11 |    31 ||    55
    Use: Potion            |       |     1 |     1 ||     2
 Armour: Scale mail        |    27 |    43 |    75 ||   145
  Dodge: Dodged            |    24 |    29 |    57 ||   110
  Block: Buckler           |    13 |    13 |    35 ||    61
